[Event "TOP 12F 2021"]
[Site "RENNES, France"]
[Date "2021.08.28"]
[Round "4.1"]
[White "Gaponenko, Inna"]
[Black "Paehtz, Elisabeth"]
[Result "1/2-1/2"]
[TimeControl "1H30 + 30 sec/coup"]
[WhiteElo "2357"]
[BlackElo "2466"]

1. e4 c5 2. c3 Nf6 3. e5 Nd5 4. Nf3 Nc6 5. d4 cxd4 6. cxd4 d6 7. Bc4 dxe5 8. dxe5 Ndb4 9. O-O Qxd1 10.
Rxd1 Bg4 11. Nc3 Nc2 12. Rb1 e6 13. Nb5 Rc8 14. Bb3 Bxf3 15. gxf3 a6 16. Bxc2 axb5 17. Bd3 b4 18. Bb5 Bc5 19.
Be3 Bxe3 20. fxe3 Ke7 21. Bxc6 bxc6 22. a3 bxa3 1/2-1/2

[Event "TOP 12F 2021"]
[Site "RENNES, France"]
[Date "2021.08.28"]
[Round "4.2"]
[White "Skripchenko, Almira"]
[Black "Guichard, Pauline"]
[Result "0-1"]
[TimeControl "1H30 + 30 sec/coup"]
[WhiteElo "2411"]
[BlackElo "2414"]

1. e4 e5 2. Nf3 Nc6 3. Nc3 Nf6 4. d4 exd4 5. Nxd4 Bb4 6. Nxc6 bxc6 7. Bd3 d5 8. exd5 O-O 9. O-O Bg4 10.
Be2 Bxe2 11. Nxe2 cxd5 12. Nf4 Bd6 13. g3 c6 14. c4 Re8 15. Qf3 dxc4 16. Rd1 Qe7 17. Be3 Be5 18. Rac1 Rab8 19.
Rxc4 Rxb2 20. a4 h6 21. Nd3 Rb3 22. Nxe5 Qxe5 23. Rxc6 Ne4 24. Rd7 Ng5 25. Qg4 Rxe3 26. fxe3 Qxe3+ 27. Kg2 h5 28. Qf3 0-1

[Event "TOP 12F 2021"]
[Site "RENNES, France"]
[Date "2021.08.28"]
[Round "4.3"]
[White "Leconte, Maria"]
[Black "Broly, Mathilde"]
[Result "1-0"]
[TimeControl "1H30 + 30 sec/coup"]
[WhiteElo "2232"]
[BlackElo "2154"]

1. e4 e5 2. Nf3 Nc6 3. Nc3 Nf6 4. Bb5 Bd6 5. d3 h6 6. a3 O-O 7. g4 Nd4 8. Bc4 Nxg4 9. Rg1 Qf6 10.
Rxg4 Nxf3+ 11. Ke2 c6 12. Rg3 Nd4+ 13. Kf1 Ne6 14. Qh5 Kh7 15. Bxe6 Qxe6 16. Be3 f5 17. exf5 Rxf5 18. Qg4 Rf7 19.
Qxe6 dxe6 20. Ne4 Be7 21. Ke2 b6 22. a4 Bb7 23. a5 c5 24. Nd2 b5 25. a6 Bc6 26. Ne4 Bxe4 27. dxe4 Bf8 28.
Ra5 Rb8 29. Bd2 b4 30. Be3 Rc7 31. b3 Rc6 32. Rg1 Rbb6 33. Rga1 Kg6 34. Kd3 Kh5 35. Kc4 g5 36. f3 Be7 37.
R1a4 Kh4 38. Bf2 Kh3 39. Kd3 Kxh2 40. Ra1 h5 41. R5a2 Kh3 42. Ke2 g4 43. Rh1+ Kg2 44. Rg1 Kh3 45.
Raa1 1-0

[Event "TOP 12F 2021"]
[Site "RENNES, France"]
[Date "2021.08.28"]
[Round "4.4"]
[White "Nicoara, Malina"]
[Black "Dornbusch, Tatiana"]
[Result "1/2-1/2"]
[TimeControl "1H30 + 30 sec/coup"]
[WhiteElo "2066"]
[BlackElo "2249"]

1. d4 Nf6 2. c4 g6 3. Nc3 Bg7 4. e4 d6 5. f3 O-O 6. Be3 e5 7. Nge2 exd4 8. Nxd4 Nc6 9. Qd2 Bd7 10.
Be2 a6 11. O-O Nh5 12. f4 Nf6 13. h3 Re8 14. Bf3 Nxd4 15. Bxd4 Bc6 16. Rae1 Nd7 17. Bxg7 Kxg7 18. Bd1 Qf6 19.
b4 b6 20. e5 Qe7 21. exd6 Qxd6 22. Qxd6 cxd6 23. Bb3 Rxe1 24. Rxe1 Kf8 25. Rd1 Ke7 26. Re1+ Kf8 27. Rd1 Ke7 28. Re1+ Kf8 1/2-1/2

[Event "TOP 12F 2021"]
[Site "RENNES, France"]
[Date "2021.08.28"]
[Round "4.6"]
[White "Haussernot, Cecile"]
[Black "Javakhishvili, Lela"]
[Result "0-1"]
[TimeControl "1H30 + 30 sec/coup"]
[WhiteElo "2171"]
[BlackElo "2470"]

1. e4 c5 2. Nf3 e6 3. c3 Nf6 4. e5 Nd5 5. d4 cxd4 6. cxd4 Qc7 7. a3 d6 8. Bd3 Nd7 9. O-O dxe5 10.
dxe5 Nc5 11. Bc2 a5 12. Bd2 b6 13. Nc3 Nxc3 14. Bxc3 a4 15. Nd4 Bb7 16. Qe2 Be7 17. Rfe1 g6 18.
f4 O-O 19. Qg4 Rfd8 20. f5 Rxd4 21. Bxd4 exf5 22. Bxf5 Nb3 23. e6 Nxd4 24. exf7+ Kf8 25. Bxg6 Nf3+ 26. gxf3 hxg6 27. Qxg6 Bc5+ 28.
Kf1 Qxf7 29. Qh6+ Kg8 30. Qg5+ Qg7 31. Qxg7+ Kxg7 32. Kg2 Kf6 33. Rf1 Rg8+ 34. Kh1 Rd8 35. Rac1 Rd3 36. Rc3 Rxc3 37.
bxc3 Bxa3 38. Ra1 Bxf3+ 39. Kg1 Bc5+ 40. Kf1 a3 41. Ke1 Bd5 42. Kd2 a2 43. Kd3 b5 44. Kc2 Ba3 45. Rf1+ Kg6 46. Rg1+ Kh5 47. Ra1 Bg8 48.
h3 Bf7 49. h4 Bg8 0-1

[Event "TOP 12F 2021"]
[Site "RENNES, France"]
[Date "2021.08.28"]
[Round "4.7"]
[White "Navrotescu, Andreea"]
[Black "Maisuradze, Nino"]
[Result "1-0"]
[TimeControl "1H30 + 30 sec/coup"]
[WhiteElo "2249"]
[BlackElo "2245"]

1. c4 c5 2. Nf3 Nf6 3. Nc3 g6 4. e3 Bg7 5. d4 cxd4 6. exd4 d5 7. h3 O-O 8. Be2 dxc4 9. Bxc4 Nbd7 10.
O-O Nb6 11. Bb3 Nbd5 12. Re1 e6 13. Bg5 h6 14. Bh4 Qb6 15. Ne5 a5 16. a4 Nf4 17. Nb5 Rd8 18. Rc1 g5 19. Bg3 N6h5 20.
Nc4 Qc6 21. Ne3 Qb6 22. Nc4 Qc6 23. Ne3 Qb6 24. Kh2 Nxg3 25. fxg3 Nd5 26. Nc4 Qa6 27. Ne5 Qb6 28. Qh5 Rf8 29.
Ng4 Kh7 30. Bc2+ f5 31. Ne5 Rf6 32. Bb1 Qd8 33. Nf7 Qf8 34. Nxg5+ Kg8 35. Nf3 Bd7 36. Ne5 Bxb5 37. axb5 Qb4 38.
Nd7 Rf7 39. Nc5 Qxd4 40. Nxe6 Qxb2 41. Bxf5 Qf6 42. Bg4 Qb2 43. Qxd5 Kh8 44. Nf4 1-0

[Event "TOP 12F 2021"]
[Site "RENNES, France"]
[Date "2021.08.28"]
[Round "4.8"]
[White "Fischer, Julie"]
[Black "Thomas, Apolline"]
[Result "1-0"]
[TimeControl "1H30 + 30 sec/coup"]
[WhiteElo "2073"]
[BlackElo "1954"]

1. e4 e5 2. Nf3 Nc6 3. d4 exd4 4. Nxd4 Bb4+ 5. c3 Bc5 6. Be3 Bb6 7. Nf5 g6 8. Bxb6 axb6 9. Ne3 Nf6 10.
f3 O-O 11. c4 Re8 12. Nc3 Nh5 13. Qd2 d6 14. O-O-O Nb4 15. Kb1 Be6 16. g4 Nf6 17. h4 Ra5 18. h5 gxh5 19. g5 Rxg5 20.
Nc2 Rg3 21. Nxb4 Rxf3 22. Be2 Rg3 23. Qf4 Rg7 24. Nbd5 Nxd5 25. Nxd5 Bxd5 26. Rxd5 Qe7 27. Bf3 Qe6 28. b3 Qg6 29.
Rdxh5 Re6 30. Rh6 Qg3 31. Rxh7 Kf8 32. Qxg3 Rxg3 33. R7h3 Rg5 34. Kc2 Rf6 35. Kd3 Ra5 36. a4 Ke7 37.
Ke3 Rg5 38. Rh6 Rxh6 39. Rxh6 Rg8 40. Kf4 c6 41. Bg4 Rd8 42. Kf5 Rg8 43. Kf4 Rd8 44. Bh5 Rg8 45. Rh7 Rf8 46. Kf5 1-0

[Event "TOP 12F 2021"]
[Site "RENNES, France"]
[Date "2021.08.28"]
[Round "4.9"]
[White "Benmesbah, Natacha"]
[Black "Auvray, Juliette"]
[Result "1-0"]
[TimeControl "1H30 + 30 sec/coup"]
[WhiteElo "2239"]
[BlackElo "2004"]

1. e4 c5 2. Nf3 d6 3. Bb5+ Bd7 4. Bxd7+ Qxd7 5. O-O Nc6 6. c3 d5 7. exd5 Qxd5 8. d4 e6 9. Be3 cxd4 10.
Nxd4 Nf6 11. Qa4 a6 12. Rd1 Be7 13. Nxc6 Qxc6 14. Qxc6+ bxc6 15. c4 O-O 16. h3 Rab8 17. b3 Ne4 18.
Nd2 Nc3 19. Re1 Bf6 20. Kf1 Rfd8 21. Nf3 h6 22. Bf4 Rbc8 23. Be5 Bxe5 24. Nxe5 Rd2 25. Nf3 Rd3 26. a3 c5 27. Rac1 f6 28.
Rxe6 Rd1+ 29. Rxd1 Nxd1 30. Rxa6 Nc3 31. Rd6 Ne4 32. Rd5 Rb8 33. Nd2 Nxd2+ 34. Rxd2 Rxb3 35. Ra2 Rb6 36. a4 Kf7 37.
a5 Ra6 38. Ke2 Ke6 39. Kd3 g5 40. Kc3 Ke5 41. Kb3 Ra8 42. a6 f5 43. a7 Kd4 44. Rd2+ Ke4 45. Re2+ Kd4 46. Re7 Kd3 47.
g3 f4 48. gxf4 gxf4 49. h4 Kd4 50. Rd7+ Ke4 51. Ka4 Kf3 52. Kb5 Kxf2 53. Kxc5 Kg3 54. Rf7 f3 55. Kb6 Kxh4 56. Rxf3 Kg4 57.
Rf7 1-0

[Event "TOP 12F 2021"]
[Site "RENNES, France"]
[Date "2021.08.28"]
[Round "4.10"]
[White "Coriat, Caroline"]
[Black "Afraoui, Anaelle"]
[Result "0-1"]
[TimeControl "1H30 + 30 sec/coup"]
[WhiteElo "1784"]
[BlackElo "2118"]

1. c4 g6 2. Nc3 Bg7 3. d4 d6 4. Nf3 Nd7 5. g3 e5 6. Bg2 Ne7 7. O-O O-O 8. dxe5 dxe5 9. e4 Nc5 10. Be3 Ne6 11. Qxd8 Rxd8 12.
Rfd1 Nd4 13. Bxd4 exd4 14. Nd5 Nxd5 15. cxd5 c5 16. Rac1 b6 17. b4 Bh6 18. Rc2 Bd7 19. Rb2 Ba4 20.
Rdb1 d3 21. Ne1 c4 22. Nxd3 cxd3 23. f4 Bc2 24. Rf1 Rac8 25. Bf3 g5 26. fxg5 Bg7 0-1

[Event "TOP 12F 2021"]
[Site "RENNES, France"]
[Date "2021.08.28"]
[Round "4.11"]
[White "Boutant, Jade"]
[Black "Bonvalot, Isabelle"]
[Result "0-1"]
[TimeControl "1H30 + 30 sec/coup"]
[WhiteElo "1747"]
[BlackElo "1831"]

1. c4 g6 2. Nc3 Bg7 3. d4 f5 4. Nf3 Nf6 5. g3 d6 6. Bg2 O-O 7. O-O c6 8. d5 e5 9. Bg5 c5 10.
e4 h6 11. Bxf6 Qxf6 12. exf5 gxf5 13. Nh4 Bd7 14. Bh3 Qg5 15. Kh1 Na6 16. Ne4 fxe4 17. Bxd7 Rf6 18. Qg4 Qxg4 19. Bxg4 Raf8 20.
Kg1 Nb4 21. f3 exf3 22. Rxf3 Rxf3 23. Bxf3 Nd3 24. Be4 Nxb2 25. Rb1 Nxc4 26. Rxb7 Nd2 27. Bf5 Nf3+ 28. Nxf3 Rxf5 29. Nd2 e4 30.
Nxe4 Rxd5 31. Rxa7 Rd4 32. Nc3 Rd3 33. Nb5 c4 34. Ra8+ Kf7 35. Ra7+ Kg6 36. Rc7 c3 37. Kf1 d5 38.
a4 Rd1+ 39. Ke2 Rd2+ 40. Ke1 d4 41. a5 Ra2 42. Rc6+ Kf5 43. a6 Ke4 44. a7 Ke3 45. Re6+ Kf3 46. Rd6 Ra1# 0-1

[Event "TOP 12F 2021"]
[Site "RENNES, France"]
[Date "2021.08.28"]
[Round "4.12"]
[White "Demais, Eilean"]
[Black "Parot de Sousa, Sophie"]
[Result "1/2-1/2"]
[TimeControl "1H30 + 30 sec/coup"]
[WhiteElo "1463"]
[BlackElo "1447"]

1. e4 c5 2. Nc3 Nc6 3. g3 g6 4. Bg2 Bg7 5. d3 Nf6 6. Be3 d6 7. Qd2 O-O 8. Bh6 Bg4 9. Bxg7 Kxg7 10.
Nge2 Qc8 11. O-O Bh3 12. f4 Bxg2 13. Kxg2 a6 14. f5 e6 15. fxg6 fxg6 16. h3 b5 17. Rf2 Nh5 18. Raf1 Rxf2+ 19. Rxf2 Qd8 20. Nf4 Nxf4+ 21. Qxf4 Qe7 22. Ne2 Rf8 23. Qxf8+ Qxf8 24. Rxf8 Kxf8 25. Kf3 Kf7 26. c3 a5 27.
h4 Ne5+ 28. Ke3 Ng4+ 29. Kf3 Ne5+ 30. Ke3 Ng4+ 31. Kf3 1/2-1/2

[Event "TOP 12F 2021"]
[Site "RENNES, France"]
[Date "2021.08.28"]
[Round "4.14"]
[White "Seite, Yamina"]
[Black "Doluhanova, Evgeniya"]
[Result "0-1"]
[TimeControl "1H30 + 30 sec/coup"]
[WhiteElo "1870"]
[BlackElo "2207"]

1. e4 e5 2. Nf3 Nc6 3. Bb5 Nf6 4. O-O d6 5. d4 Bd7 6. Re1 Nxd4 7. Bxd7+ Qxd7 8. Nxd4 exd4 9. Qxd4 Be7 10.
Nc3 O-O 11. Bg5 Qg4 12. Qd2 h6 13. Bf4 Nh5 14. Nd5 Bd8 15. h3 Qg6 16. Bh2 c6 17. Ne3 Re8 18. Nf5 d5 19. Nd6 Bg5 20.
Qe2 Re6 21. e5 f6 22. Qg4 fxe5 23. Bxe5 Bd2 24. Qxg6 Rxg6 25. Re2 Bf4 26. Nxb7 Bxe5 27. Rxe5 Nf4 28. g3 Nxh3+ 29. Kh2 Nxf2 30.
Re7 Ne4 31. Na5 Rf8 32. Rg1 Nd2 33. Rg2 Nf1+ 34. Kh3 Rf5 35. g4 Rf3+ 36. Kh4 Ne3 37. Rg1 Rxg4+ 38. Rxg4 Nf5+ 39. Kh5 Rh3+ 40.
Kg6 Nxe7# 0-1

[Event "TOP 12F 2021"]
[Site "RENNES, France"]
[Date "2021.08.28"]
[Round "4.15"]
[White "Le Marec, Laura"]
[Black "Steil-Antoni, Fiona"]
[Result "0-1"]
[TimeControl "1H30 + 30 sec/coup"]
[WhiteElo "2118"]
[BlackElo "2153"]

1. c4 e5 2. Nc3 Nc6 3. g3 f5 4. Bg2 Nf6 5. e3 g6 6. Nge2 Bg7 7. O-O O-O 8. b3 d6 9. Bb2 Ne7 10.
d4 e4 11. f3 exf3 12. Bxf3 c6 13. Qd3 d5 14. Ba3 dxc4 15. bxc4 Re8 16. Rab1 Kh8 17. Rfd1 Neg8 18. d5 cxd5 19.
cxd5 Ng4 20. Bxg4 fxg4 21. e4 b6 22. Nd4 a6 23. Rf1 b5 24. Kg2 Qg5 25. Nce2 Nf6 26. Rf4 Nxd5 27. exd5 Qxd5+ 28. Kf2 Bb7 29. Rf1 Rad8 30. Bb2 Qxa2 31. Ba1 Bf3 32. Rxf3 gxf3 33. Kxf3 Rf8+ 34. Nf4 g5 35. Qe4 gxf4 36.
Ne6 fxg3+ 37. Kxg3 Qa3+ 38. Kg4 Bxa1 39. Rxf8+ Rxf8 40. Nxf8 Qxf8 0-1

[Event "TOP 12F 2021"]
[Site "RENNES, France"]
[Date "2021.08.28"]
[Round "4.16"]
[White "Thomas, Anysia"]
[Black "Girod, Sarah"]
[Result "1-0"]
[TimeControl "1H30 + 30 sec/coup"]
[WhiteElo "2170"]
[BlackElo "1504"]

1. d4 d5 2. c4 e5 3. dxe5 d4 4. Nf3 Nc6 5. a3 Nge7 6. b4 Ng6 7. Bb2 Ngxe5 8. Nxe5 Nxe5 9. e3 Be6 10.
Bxd4 Nxc4 11. Qc2 Nd6 12. Bd3 Qg5 13. f4 Qh5 14. O-O Nf5 15. Bb5+ Bd7 16. Bxd7+ Kxd7 17. Bc5 Bd6 18. Nd2 Rhd8 19.
e4 Ne7 20. Be3 c6 21. Qc3 f6 22. Nc4 Bc7 23. Bc5 b6 24. Bxe7 Kxe7 25. Ne3 Rd7 26. Qxc6 Rad8 27. Nd5+ Kf8 28.
Nxc7 Kg8 29. Nd5 f5 30. Rad1 Kh8 31. e5 1-0